NCAA
LOUISIANA STATE TIGERS @ MISSISSIPPI REBELS
05/14/2026
 
TOP OF THE 1ST
Louisiana State Tigers batting - Pitching for Mississippi Rebels : RHP Mike Gordon
Pitching: RHP Mike Gordon
Batting: LHB Al Miller 0-0: Called Strike
0-1: Ball
1-1: Ball
2-1: Ball
3-1: Fly out, F6 (Popup, 78S)
Batting: RHB José López 0-0: Called Strike
0-1: Swinging Strike
0-2: Foul Ball, location: 2F
0-2: Ball
1-2: Strikes out looking
Batting: SHB Arturo Sánchez 0-0: Ball
1-0: Ball
2-0: Called Strike
2-1: SOLO HOME RUN (Line Drive, 9D), Distance : 369 ft
Batting: RHB John Howell 0-0: Ball
1-0: Ball
2-0: Ball
3-0: Called Strike
3-1: Base on Balls
Batting: LHB Ronald Wallace 0-0: Foul Ball, location: 2F
0-1: Foul Ball, location: 2F
0-2: Ball
1-2: Strikes out swinging
Top of the 1st over - 1 run(s), 1 hit(s), 0 error(s), 1 left on base; Louisiana State 1 - Mississippi 0
BOTTOM OF THE 1ST
Mississippi Rebels batting - Pitching for Louisiana State Tigers : RHP Ron Simmons
Pitching: RHP Ron Simmons
Batting: RHB Lou Hammond 0-0: Fly out, F3 (Popup, 3SF)
Batting: RHB Simon Lee 0-0: Called Strike
0-1: Ball
1-1: SINGLE (Groundball, 15S) (infield hit)
Batting: LHB Roger Warren 0-0: Called Strike
0-1: Ground out 5-3 (Groundball, 5S)
Simon Lee to second
Batting: LHB Jeff Forsyth 0-0: Called Strike
0-1: Ball
1-1: Swinging Strike
1-2: Ball
2-2: Ball
3-2: Fly out, F4 (Popup, 4M)
Bottom of the 1st over - 0 run(s), 1 hit(s), 0 error(s), 1 left on base; Louisiana State 1 - Mississippi 0
TOP OF THE 2ND
Louisiana State Tigers batting - Pitching for Mississippi Rebels : RHP Mike Gordon
Batting: LHB Glenn Williamson 0-0: Ground out U3 (Groundball, 3L)
Batting: RHB Artie Owen 0-0: Foul Ball, location: 2F
0-1: Called Strike
0-2: Foul Ball, location: 2F
0-2: Strikes out looking
Batting: RHB Melvin Johnstone 0-0: Ball
1-0: Ball
2-0: Swinging Strike
2-1: SINGLE (Line Drive, 56D)
Batting: RHB Rich Rowe 0-0: Ball
1-0: Ball
2-0: Called Strike
2-1: Ball
3-1: Foul Ball, location: 2F
3-2: Strikes out swinging
Top of the 2nd over - 0 run(s), 1 hit(s), 0 error(s), 1 left on base; Louisiana State 1 - Mississippi 0
BOTTOM OF THE 2ND
Mississippi Rebels batting - Pitching for Louisiana State Tigers : RHP Ron Simmons
Batting: RHB Rafael Gonzáles 0-0: Ball
1-0: Ball
2-0: SOLO HOME RUN (Flyball, 8LXD), Distance : 406 ft
Batting: RHB Willard Bader 0-0: Ball
1-0: SINGLE (Line Drive, 78S)
Batting: RHB José Rey 0-0: Ball
1-0: Called Strike
Willard Bader is caught stealing 2nd base
1-1: Swinging Strike
1-2: Ball
2-2: Strikes out looking
Batting: RHB Bill Pike 0-0: Foul Ball, location: 2F
0-1: Ball
1-1: Called Strike
1-2: Reached on error, E6 (Groundball, 6)
Batting: RHB John Eaves 0-0: Called Strike
0-1: SINGLE (Groundball, 6)
Bill Pike to third
Runner from 3rd tries for Home, SAFE, no throw or cutoff
Batting: RHB Lou Hammond 0-0: Called Strike
0-1: Ball
1-1: Ball
2-1: Ball
3-1: Base on Balls
John Eaves to second
Batting: RHB Simon Lee 0-0: Called Strike
0-1: Ball
1-1: Ball
2-1: Swinging Strike
2-2: Ground out 4-3 (Groundball, 4)
Bottom of the 2nd over - 2 run(s), 3 hit(s), 1 error(s), 2 left on base; Louisiana State 1 - Mississippi 2
TOP OF THE 3RD
Louisiana State Tigers batting - Pitching for Mississippi Rebels : RHP Mike Gordon
Batting: LHB Al Miller 0-0: Ball
1-0: DOUBLE (Flyball, 89M) - OUT at third base trying to stretch hit.
Batting: RHB José López 0-0: Foul Ball, location: 2F
0-1: Swinging Strike
0-2: Foul Ball, location: 2F
0-2: Ball
1-2: Foul Ball, location: 2F
1-2: SOLO HOME RUN (Flyball, 8RXD), Distance : 387 ft
Batting: SHB Arturo Sánchez 0-0: Ball
1-0: Ball
2-0: Fly out, F8 (Flyball, 8LM)
Batting: RHB John Howell 0-0: Called Strike
0-1: Foul Ball, location: 2F
0-2: Ground out 3-1 (Groundball, 34S)
Top of the 3rd over - 1 run(s), 2 hit(s), 0 error(s), 0 left on base; Louisiana State 2 - Mississippi 2
BOTTOM OF THE 3RD
Mississippi Rebels batting - Pitching for Louisiana State Tigers : RHP Ron Simmons
Batting: LHB Roger Warren 0-0: SINGLE (Line Drive, 6MD)
Batting: LHB Jeff Forsyth 0-0: Called Strike
0-1: Foul Ball, location: 2F
0-2: Ball
1-2: Ball
2-2: Ball
3-2: Foul Ball, location: 2F
3-2: Base on Balls
Roger Warren to second
Batting: RHB Rafael Gonzáles 0-0: Ball
1-0: Foul Ball, location: 2F
1-1: Foul Ball, location: 2F
1-2: TRIPLE (Line Drive, 89M)
Roger Warren scores
Jeff Forsyth scores
Batting: RHB Willard Bader 0-0: Called Strike
0-1: Ball
1-1: Swinging Strike
1-2: Strikes out swinging
Batting: RHB José Rey 0-0: Called Strike
0-1: Foul Ball, location: 2F
0-2: Foul Ball, location: 2F
0-2: Ball
1-2: Foul Ball, location: 2F
1-2: Ball
2-2: SINGLE (Groundball, 4MD)
Rafael Gonzáles scores
Batting: RHB Bill Pike 0-0: Ball
1-0: Foul Ball, location: 2F
1-1: Ball
2-1: Foul Ball, location: 2F
2-2: Foul Ball, location: 2F
2-2: Ball
3-2: Base on Balls
José Rey to second
Batting: RHB John Eaves 0-0: Fly out, F9 (Flyball, 89M)
Batting: RHB Lou Hammond 0-0: Ball
1-0: SINGLE (Line Drive, 8LS)
José Rey to third
Bill Pike to second
Runner from 3rd tries for Home, SAFE, throw made at trailing runner, OUT at third!
Bottom of the 3rd over - 4 run(s), 4 hit(s), 0 error(s), 1 left on base; Louisiana State 2 - Mississippi 6
TOP OF THE 4TH
Louisiana State Tigers batting - Pitching for Mississippi Rebels : RHP Mike Gordon
Batting: LHB Ronald Wallace 0-0: Called Strike
Single, Error in OF, E7, batter to second base
Batting: LHB Glenn Williamson 0-0: Swinging Strike
0-1: Foul Ball, location: 2F
0-2: Strikes out swinging
Batting: RHB Artie Owen 0-0: Ball
1-0: Ball
2-0: Called Strike
2-1: Ball
3-1: Base on Balls
Batting: RHB Melvin Johnstone 0-0: Called Strike
0-1: Called Strike
0-2: Ball
1-2: Fielders Choice at 2nd, 6-4 (Groundball, 56)
Ronald Wallace to third
Batting: RHB Rich Rowe 0-0: Called Strike
0-1: Fly out, F9 (Flyball, 89M)
Top of the 4th over - 0 run(s), 1 hit(s), 1 error(s), 2 left on base; Louisiana State 2 - Mississippi 6
BOTTOM OF THE 4TH
Mississippi Rebels batting - Pitching for Louisiana State Tigers : RHP Ron Simmons
Batting: RHB Simon Lee 0-0: Ball
1-0: Fly out, F8 (Flyball, 8LM)
Batting: LHB Roger Warren 0-0: Swinging Strike
0-1: Called Strike
0-2: Ball
1-2: Ball
2-2: SINGLE (Line Drive, 8LS)
Batting: LHB Jeff Forsyth 0-0: Called Strike
0-1: Ball
1-1: Called Strike
1-2: Ball
2-2: 2-RUN HOME RUN (Flyball, 89XD), Distance : 372 ft
Pitching: RHP Anderson Moody
Batting: RHB Rafael Gonzáles 0-0: Ball
1-0: Ground out 5-3 (Groundball, 56)
Batting: RHB Willard Bader 0-0: Ball
1-0: Ball
2-0: Ball
3-0: Base on Balls
Batting: RHB José Rey 0-0: Ball
1-0: Foul Ball, location: 2F
1-1: Ball
2-1: Called Strike
2-2: Fly out, F3 (Line Drive, 3)
Bottom of the 4th over - 2 run(s), 2 hit(s), 0 error(s), 1 left on base; Louisiana State 2 - Mississippi 8
TOP OF THE 5TH
Louisiana State Tigers batting - Pitching for Mississippi Rebels : RHP Mike Gordon
Batting: LHB Al Miller 0-0: Ball
1-0: Ball
2-0: Ball
3-0: Called Strike
3-1: Swinging Strike
3-2: Ground out 1-3 (Groundball, 13S)
Batting: RHB José López 0-0: Ball
1-0: Called Strike
1-1: Called Strike
1-2: Ball
2-2: Strikes out looking
Batting: SHB Arturo Sánchez 0-0: Ball
1-0: Called Strike
1-1: Swinging Strike
1-2: Strikes out swinging
Top of the 5th over - 0 run(s), 0 hit(s), 0 error(s), 0 left on base; Louisiana State 2 - Mississippi 8
BOTTOM OF THE 5TH
Mississippi Rebels batting - Pitching for Louisiana State Tigers : RHP Anderson Moody
Batting: RHB Bill Pike 0-0: Swinging Strike
0-1: Ball
1-1: Swinging Strike
1-2: Fly out, F1 (Line Drive, 13S)
Batting: RHB John Eaves 0-0: Ground out 4-3 (Groundball, 4)
Batting: RHB Lou Hammond 0-0: Ball
1-0: Ball
2-0: Fly out, F7 (Popup, 78S)
Bottom of the 5th over - 0 run(s), 0 hit(s), 0 error(s), 0 left on base; Louisiana State 2 - Mississippi 8
TOP OF THE 6TH
Louisiana State Tigers batting - Pitching for Mississippi Rebels : RHP Mike Gordon
Pitching: RHP Justin Ángel
Batting: RHB John Howell 0-0: Ball
1-0: Ball
2-0: Ball
3-0: Base on Balls
Batting: LHB Ronald Wallace 0-0: Ball
1-0: Swinging Strike
1-1: Grounds into double play, 1-6-3 (Groundball, 13S)
Batting: LHB Glenn Williamson 0-0: Called Strike
0-1: Ball
1-1: Ball
2-1: Fly out, F6 (Popup, 6)
Top of the 6th over - 0 run(s), 0 hit(s), 0 error(s), 0 left on base; Louisiana State 2 - Mississippi 8
BOTTOM OF THE 6TH
Mississippi Rebels batting - Pitching for Louisiana State Tigers : RHP Anderson Moody
Batting: RHB Simon Lee 0-0: Swinging Strike
0-1: Ball
1-1: Swinging Strike
1-2: Foul Ball, location: 2F
1-2: Foul Ball, location: 2F
1-2: Ball
2-2: Ground out 6-3 (Groundball, 6M)
Batting: LHB Roger Warren 0-0: SINGLE (Groundball, 13) (infield hit)
Batting: LHB Jeff Forsyth 0-0: Ball
1-0: Called Strike
1-1: Ball
2-1: Grounds into double play, 4-6-3 (Groundball, 34)
Bottom of the 6th over - 0 run(s), 1 hit(s), 0 error(s), 0 left on base; Louisiana State 2 - Mississippi 8
TOP OF THE 7TH
Louisiana State Tigers batting - Pitching for Mississippi Rebels : RHP Justin Ángel
Batting: RHB Artie Owen 0-0: Ball
1-0: Called Strike
1-1: Swinging Strike
1-2: Foul Ball, location: 2F
1-2: Ball
2-2: Ball
3-2: Strikes out swinging
Batting: RHB Melvin Johnstone 0-0: Called Strike
0-1: Ball
1-1: Ball
2-1: Ball
3-1: Called Strike
3-2: Foul Ball, location: 2F
3-2: Foul Ball, location: 2F
3-2: Ground out 5-3 (Groundball, 56)
Batting: RHB Rich Rowe 0-0: Swinging Strike
0-1: Ball
1-1: Swinging Strike
1-2: Foul Ball, location: 2F
1-2: Foul Ball, location: 2F
1-2: Ball
2-2: Foul Ball, location: 2F
2-2: Strikes out swinging
Top of the 7th over - 0 run(s), 0 hit(s), 0 error(s), 0 left on base; Louisiana State 2 - Mississippi 8
BOTTOM OF THE 7TH
Mississippi Rebels batting - Pitching for Louisiana State Tigers : RHP Anderson Moody
Pitching: LHP Augusto García
Batting: RHB Rafael Gonzáles 0-0: Ball
1-0: Ball
2-0: Fly out, F9 (Flyball, 9LM)
Batting: RHB Willard Bader 0-0: Swinging Strike
0-1: Ball
1-1: Swinging Strike
1-2: Strikes out swinging
Batting: RHB José Rey 0-0: Called Strike
0-1: Foul Ball, location: 2F
0-2: Ball
1-2: Strikes out swinging
Bottom of the 7th over - 0 run(s), 0 hit(s), 0 error(s), 0 left on base; Louisiana State 2 - Mississippi 8
TOP OF THE 8TH
Louisiana State Tigers batting - Pitching for Mississippi Rebels : RHP Justin Ángel
Pitching: RHP John MacHendry
Batting: LHB Al Miller 0-0: Ball
1-0: Called Strike
1-1: Ball
2-1: Ball
3-1: Foul Ball, location: 2F
3-2: Base on Balls
Batting: RHB José López 0-0: Ball
1-0: Ball
2-0: Swinging Strike
2-1: Ball
3-1: Base on Balls
Al Miller to second
Batting: SHB Arturo Sánchez 0-0: Fielders Choice at 2nd, 4-6 (Groundball, 34)
Al Miller to third
Batting: RHB John Howell 0-0: Called Strike
0-1: Swinging Strike
0-2: Foul Ball, location: 2F
0-2: Grounds into double play, U6-3 (Groundball, 6M)
Top of the 8th over - 0 run(s), 0 hit(s), 0 error(s), 1 left on base; Louisiana State 2 - Mississippi 8
BOTTOM OF THE 8TH
Mississippi Rebels batting - Pitching for Louisiana State Tigers : LHP Augusto García
Batting: RHB Bill Pike 0-0: Called Strike
0-1: Swinging Strike
0-2: Ball
1-2: SINGLE (Flyball, 8RS)
Batting: RHB John Eaves 0-0: Called Strike
0-1: Ball
1-1: Ball
2-1: Fly out, F3 (Popup, 3F)
Batting: RHB Lou Hammond 0-0: Called Strike
0-1: 2-RUN HOME RUN (Flyball, 78XD), Distance : 369 ft
Batting: RHB Simon Lee 0-0: Ball
1-0: SINGLE (Groundball, 4MD)
Batting: LHB Roger Warren 0-0: Ball
1-0: Called Strike
1-1: Ball
2-1: Swinging Strike
2-2: Grounds into double play, 3-6-1 (Groundball, 3)
Bottom of the 8th over - 2 run(s), 3 hit(s), 0 error(s), 0 left on base; Louisiana State 2 - Mississippi 10
TOP OF THE 9TH
Louisiana State Tigers batting - Pitching for Mississippi Rebels : RHP John MacHendry
Batting: LHB Ronald Wallace 0-0: Called Strike
0-1: Ball
1-1: Called Strike
1-2: Strikes out swinging
Batting: LHB Glenn Williamson 0-0: SINGLE (Line Drive, 9S)
Batting: RHB Artie Owen 0-0: SINGLE (Groundball, 56)
Glenn Williamson to second
Batting: RHB Melvin Johnstone 0-0: Ball
1-0: Grounds into double play, 6-4-3 (Groundball, 6)
Top of the 9th over - 0 run(s), 2 hit(s), 0 error(s), 1 left on base; Louisiana State 2 - Mississippi 10
Monday, December 5th, 2016 - OOTP Baseball 17.12 Build 75